| TOP OF THE 1ST |
|
Northwest Arkansas Naturals batting - Pitching for Corpus Christi Hooks : RHP Muckle Wildriver
|
|
Pitching: RHP Muckle Wildriver
|
|
|
Batting: SHB Ryoji Hiraoka
|
0-0: Called Strike 0-1: Ball 1-1: Swinging Strike 1-2: Ball 2-2: Ball 3-2: Strikes out looking
|
|
Batting: RHB Kazuki Arai
|
0-0: Ball 1-0: Swinging Strike 1-1: Called Strike 1-2: SINGLE (Line Drive, 8LS, EV 110.6 MPH)
|
|
Batting: RHB Alex Cid
|
0-0: Ball Kazuki Arai steals 2nd base 1-0: Ball 2-0: Ball 3-0: Base on Balls
|
|
Batting: RHB Kevin Wimberly
|
0-0: Ball 1-0: Ball 2-0: Foul Ball, location: 2F 2-1: Ball 3-1: Base on Balls Kazuki Arai to third Alex Cid to second
|
|
Batting: RHB Andy Urquhart
|
0-0: Fly out, F8 (Flyball, 78XD, EV 110.0 MPH) Runner from 3rd tags up, SCORES, no throw by CF Alex Cid to third
|
|
Batting: RHB Edwin Ramos
|
0-0: Called Strike 0-1: Ball 1-1: Ball 2-1: Ball 3-1: Swinging Strike 3-2: Base on Balls Kevin Wimberly to second
|
|
Batting: RHB Chad Sullivan
|
0-0: Ball 1-0: Foul Ball, location: 2F 1-1: GRAND SLAM HOME RUN (Flyball, 7D, EV 96.2 MPH), Distance : 357 ft
|
|
Batting: RHB Eric Erickson
|
0-0: Called Strike 0-1: Swinging Strike 0-2: Ball 1-2: Ball 2-2: Foul Ball, location: 2F 2-2: Foul Ball, location: 2F 2-2: Foul Ball, location: 2F 2-2: Ball 3-2: Foul Ball, location: 2F 3-2: Foul Ball, location: 2F 3-2: Base on Balls
|
|
Batting: SHB Danny Ballenger
|
0-0: Ball Eric Erickson steals 2nd base 1-0: Ball 2-0: SINGLE (Line Drive, 89S, EV 92.5 MPH) Eric Erickson to third Runner from 3rd tries for Home, throw by RF and OUT! 9-2
|
| Top of the 1st over - 5 runs, 3 hits, 0 errors, 1 left on base; Northwest Arkansas 5 - Corpus Christi 0 |
| BOTTOM OF THE 1ST |
|
Corpus Christi Hooks batting - Pitching for Northwest Arkansas Naturals : RHP Matthew Orphan
|
|
Pitching: RHP Matthew Orphan
|
|
|
Batting: RHB Ben Hoffman
|
0-0: Foul Ball, location: 2F 0-1: Ball 1-1: Fly out, F7 (Flyball, 7LM, EV 93.8 MPH)
|
|
Batting: RHB Xavier Castaneda
|
0-0: Ball 1-0: Ball 2-0: Fly out, F8 (Flyball, 8RD, EV 100.6 MPH)
|
|
Batting: LHB Josh Birkner
|
0-0: Ball 1-0: Called Strike 1-1: Foul Ball, location: 2F 1-2: Strikes out swinging
|
| Bottom of the 1st over - 0 runs, 0 hits, 0 errors, 0 left on base; Northwest Arkansas 5 - Corpus Christi 0 |
| TOP OF THE 2ND |
|
Northwest Arkansas Naturals batting - Pitching for Corpus Christi Hooks : RHP Muckle Wildriver
|
|
Batting: SHB Ryoji Hiraoka
|
0-0: Fly out, F8 (Flyball, 8RXD, EV 106.9 MPH)
|
|
Batting: RHB Kazuki Arai
|
0-0: Ball 1-0: Ball 2-0: Ball 3-0: Foul Ball, location: 2F 3-1: Base on Balls
|
|
Batting: RHB Alex Cid
|
0-0: Foul Ball, location: 2F 0-1: Swinging Strike 0-2: Strikes out swinging
|
|
Batting: RHB Kevin Wimberly
|
0-0: Ball 1-0: Called Strike Kazuki Arai steals 2nd base 1-1: Ball 2-1: Ground out 6-3 (Groundball, 6S, EV 81.2 MPH)
|
| Top of the 2nd over - 0 runs, 0 hits, 0 errors, 1 left on base; Northwest Arkansas 5 - Corpus Christi 0 |
| BOTTOM OF THE 2ND |
|
Corpus Christi Hooks batting - Pitching for Northwest Arkansas Naturals : RHP Matthew Orphan
|
|
Batting: LHB Chris Cabrera
|
0-0: Called Strike 0-1: Ball 1-1: Foul Ball, location: 2F 1-2: Strikes out swinging
|
|
Batting: LHB Mitchell Casey
|
0-0: Called Strike 0-1: SINGLE (Groundball, 6MD, EV 99.4 MPH)
|
|
Batting: RHB Masaru Konno
|
0-0: Ball 1-0: Ball 2-0: Foul Ball, location: 2F 2-1: SINGLE (Flyball, 4MD, EV 94.4 MPH) Mitchell Casey to second
|
|
Batting: LHB John Wagner
|
0-0: Foul Ball, location: 2F 0-1: Ball 1-1: Ball 2-1: Swinging Strike 2-2: Strikes out swinging
|
|
Batting: RHB Derek Moran
|
0-0: Ball 1-0: Swinging Strike 1-1: Foul Ball, location: 2F 1-2: Foul Ball, location: 2F 1-2: Strikes out swinging
|
| Bottom of the 2nd over - 0 runs, 2 hits, 0 errors, 2 left on base; Northwest Arkansas 5 - Corpus Christi 0 |
| TOP OF THE 3RD |
|
Northwest Arkansas Naturals batting - Pitching for Corpus Christi Hooks : RHP Muckle Wildriver
|
|
Batting: RHB Andy Urquhart
|
0-0: Ball 1-0: Ball 2-0: Ball 3-0: Called Strike 3-1: Base on Balls
|
|
Batting: RHB Edwin Ramos
|
0-0: Called Strike 0-1: Ball 1-1: Swinging Strike 1-2: Ball Andy Urquhart steals 2nd base (no throw) 2-2: Ground out 5-3 (Groundball, 56, EV 101.2 MPH)
|
|
Batting: RHB Chad Sullivan
|
0-0: Called Strike 0-1: SINGLE (Line Drive, 7LS, EV 105.6 MPH) Andy Urquhart to third
|
|
Batting: RHB Eric Erickson
|
0-0: Ball 1-0: Called Strike 1-1: Ball 2-1: Foul Ball, location: 2F 2-2: Reached on error, E5 (Groundball, 56S, EV 78.1 MPH) Andy Urquhart scores Chad Sullivan to second
|
|
Batting: SHB Danny Ballenger
|
0-0: Called Strike 0-1: Swinging Strike 0-2: Foul Ball, location: 2F 0-2: Fielders Choice at 2nd, 6-4 (Groundball, 56, EV 104.4 MPH) Chad Sullivan to third
|
|
Batting: SHB Ryoji Hiraoka
|
0-0: Foul Ball, location: 2F 0-1: Ball 1-1: Swinging Strike 1-2: Strikes out swinging
|
| Top of the 3rd over - 1 run, 1 hit, 1 error, 2 left on base; Northwest Arkansas 6 - Corpus Christi 0 |
| BOTTOM OF THE 3RD |
|
Corpus Christi Hooks batting - Pitching for Northwest Arkansas Naturals : RHP Matthew Orphan
|
|
Batting: RHB Ben Minge
|
0-0: Foul Ball, location: 2F 0-1: Ground out 6-3 (Groundball, 6, EV 85.6 MPH)
|
|
Batting: RHB Ben Hoffman
|
0-0: Swinging Strike 0-1: Ball 1-1: Ground out 4-3 (Groundball, 4S, EV 85.0 MPH)
|
|
Batting: RHB Xavier Castaneda
|
0-0: Ball 1-0: Called Strike 1-1: Ball 2-1: Ball 3-1: Base on Balls
|
|
Batting: LHB Josh Birkner
|
0-0: Called Strike Xavier Castaneda steals 2nd base (no throw) 0-1: Ball 1-1: Ball 2-1: Called Strike 2-2: Ball 3-2: Base on Balls
|
|
Batting: LHB Chris Cabrera
|
0-0: Ball 1-0: Called Strike 1-1: Foul Ball, location: 2F 1-2: Strikes out swinging
|
| Bottom of the 3rd over - 0 runs, 0 hits, 0 errors, 2 left on base; Northwest Arkansas 6 - Corpus Christi 0 |
| TOP OF THE 4TH |
|
Northwest Arkansas Naturals batting - Pitching for Corpus Christi Hooks : RHP Muckle Wildriver
|
|
Pitching: RHP Manny Bonilla
|
|
|
Batting: RHB Kazuki Arai
|
0-0: Ball 1-0: Called Strike 1-1: Ground out 5-3 (Groundball, 56, EV 88.8 MPH)
|
|
Batting: RHB Alex Cid
|
0-0: Ball 1-0: Called Strike 1-1: Ball 2-1: Fly out, F8 (Line Drive, 8LM, EV 89.4 MPH)
|
|
Batting: RHB Kevin Wimberly
|
0-0: Called Strike 0-1: Ground out 6-3 (Groundball, 6S, EV 70.0 MPH)
|
| Top of the 4th over - 0 runs, 0 hits, 0 errors, 0 left on base; Northwest Arkansas 6 - Corpus Christi 0 |
| BOTTOM OF THE 4TH |
|
Corpus Christi Hooks batting - Pitching for Northwest Arkansas Naturals : RHP Matthew Orphan
|
|
Batting: LHB Mitchell Casey
|
0-0: Ball 1-0: Ball 2-0: Ball 3-0: Called Strike 3-1: Foul Ball, location: 2F 3-2: Strikes out swinging
|
|
Batting: RHB Masaru Konno
|
0-0: Called Strike 0-1: Ball 1-1: Called Strike 1-2: Ball 2-2: Ball 3-2: Base on Balls
|
|
Batting: LHB John Wagner
|
0-0: Called Strike 0-1: Ball Masaru Konno steals 2nd base 1-1: Ball 2-1: Ground out 4-3 (Groundball, 4D, EV 98.8 MPH) Masaru Konno to third
|
|
Pitching: RHP Kevin Fleming
|
|
|
Batting: RHB Derek Moran
|
0-0: DOUBLE (Line Drive, 7LM, EV 114.4 MPH) Masaru Konno scores
|
|
Batting: RHB Ben Minge
|
0-0: Ball 1-0: Foul Ball, location: 2F 1-1: Called Strike 1-2: Strikes out looking
|
| Bottom of the 4th over - 1 run, 1 hit, 0 errors, 1 left on base; Northwest Arkansas 6 - Corpus Christi 1 |
| TOP OF THE 5TH |
|
Northwest Arkansas Naturals batting - Pitching for Corpus Christi Hooks : RHP Manny Bonilla
|
|
Batting: RHB Andy Urquhart
|
0-0: Ball 1-0: Foul Ball, location: 2F 1-1: Ball 2-1: Ground out 6-3 (Groundball, 6M, EV 81.2 MPH)
|
|
Batting: RHB Edwin Ramos
|
0-0: SINGLE (Groundball, 15S, EV 68.8 MPH) (infield hit)
|
|
Batting: RHB Chad Sullivan
|
0-0: Called Strike Edwin Ramos steals 2nd base 0-1: Foul Ball, location: 2F 0-2: Strikes out looking
|
|
Batting: RHB Eric Erickson
|
0-0: Ball 1-0: Fly out, F9 (Flyball, 9, EV 88.8 MPH)
|
| Top of the 5th over - 0 runs, 1 hit, 0 errors, 1 left on base; Northwest Arkansas 6 - Corpus Christi 1 |
| BOTTOM OF THE 5TH |
|
Corpus Christi Hooks batting - Pitching for Northwest Arkansas Naturals : RHP Kevin Fleming
|
|
Batting: RHB Ben Hoffman
|
0-0: Foul Ball, location: 2F 0-1: Fly out, F2 (Popup, 23F, EV 83.1 MPH)
|
|
Batting: RHB Xavier Castaneda
|
0-0: Called Strike 0-1: Ball 1-1: Ball 2-1: Foul Ball, location: 2F 2-2: Ball 3-2: Base on Balls
|
|
Batting: LHB Josh Birkner
|
0-0: Ball Xavier Castaneda steals 2nd base 1-0: Ball 2-0: Ball 3-0: Called Strike 3-1: Foul Ball, location: 2F 3-2: Base on Balls
|
|
Batting: LHB Chris Cabrera
|
0-0: Grounds into double play, 4-6-3 (Groundball, 4, EV 86.9 MPH)
|
| Bottom of the 5th over - 0 runs, 0 hits, 0 errors, 1 left on base; Northwest Arkansas 6 - Corpus Christi 1 |
| TOP OF THE 6TH |
|
Northwest Arkansas Naturals batting - Pitching for Corpus Christi Hooks : RHP Manny Bonilla
|
|
Batting: SHB Danny Ballenger
|
0-0: Ball 1-0: Ball 2-0: Swinging Strike 2-1: Ground out 4-3 (Groundball, 4M, EV 99.4 MPH)
|
|
Batting: SHB Ryoji Hiraoka
|
0-0: Ball 1-0: Swinging Strike 1-1: Foul Ball, location: 2F 1-2: Ball 2-2: Fly out, F6 (Popup, 6M, EV 74.4 MPH)
|
|
Pitching: LHP Blaine Whitmore
|
|
|
Batting: RHB Kazuki Arai
|
0-0: Ball 1-0: Swinging Strike 1-1: Foul Ball, location: 2F 1-2: Foul Ball, location: 2F 1-2: SINGLE (Line Drive, 8RS, EV 113.1 MPH)
|
|
Batting: RHB Alex Cid
|
0-0: Ball 1-0: Ball 2-0: Fly out, F5 (Popup, 5S, EV 87.5 MPH)
|
| Top of the 6th over - 0 runs, 1 hit, 0 errors, 1 left on base; Northwest Arkansas 6 - Corpus Christi 1 |
| BOTTOM OF THE 6TH |
|
Corpus Christi Hooks batting - Pitching for Northwest Arkansas Naturals : RHP Kevin Fleming
|
|
Batting: LHB Mitchell Casey
|
0-0: Ball 1-0: Ball 2-0: SINGLE (Groundball, 4MD, EV 98.1 MPH)
|
|
Batting: RHB Masaru Konno
|
0-0: Swinging Strike 0-1: Swinging Strike 0-2: Grounds into double play, 1-6-3 (Groundball, 13S, EV 66.9 MPH)
|
|
Batting: LHB John Wagner
|
0-0: Ball 1-0: Ball 2-0: Foul Ball, location: 2F 2-1: Foul Ball, location: 2F 2-2: DOUBLE (Line Drive, 7LS, EV 102.5 MPH)
|
|
Batting: RHB Derek Moran
|
0-0: Ball 1-0: Ground out 1-3 (Groundball, 13S, EV 70.0 MPH)
|
| Bottom of the 6th over - 0 runs, 2 hits, 0 errors, 1 left on base; Northwest Arkansas 6 - Corpus Christi 1 |
| TOP OF THE 7TH |
|
Northwest Arkansas Naturals batting - Pitching for Corpus Christi Hooks : LHP Blaine Whitmore
|
|
Batting: RHB Kevin Wimberly
|
0-0: Ball 1-0: Called Strike 1-1: Ball 2-1: Swinging Strike 2-2: Strikes out swinging
|
|
Batting: RHB Andy Urquhart
|
0-0: Foul Ball, location: 2F 0-1: Ground out 6-3 (Groundball, 6, EV 83.8 MPH)
|
|
Batting: RHB Edwin Ramos
|
0-0: Called Strike 0-1: Ball 1-1: Ball 2-1: Ground out 5-3 (Groundball, 56, EV 95.6 MPH)
|
| Top of the 7th over - 0 runs, 0 hits, 0 errors, 0 left on base; Northwest Arkansas 6 - Corpus Christi 1 |
| BOTTOM OF THE 7TH |
|
Corpus Christi Hooks batting - Pitching for Northwest Arkansas Naturals : RHP Kevin Fleming
|
|
Batting: RHB Ben Minge
|
0-0: Ground out 6-3 (Groundball, 6, EV 89.4 MPH)
|
|
Batting: RHB Ben Hoffman
|
0-0: Called Strike 0-1: Fly out, F7 (Flyball, 7, EV 95.0 MPH)
|
|
Pitching: RHP John Barnett
|
|
|
Batting: RHB Xavier Castaneda
|
0-0: Called Strike 0-1: Ball 1-1: Foul Ball, location: 2F 1-2: Ball 2-2: Ball 3-2: Strikes out looking
|
| Bottom of the 7th over - 0 runs, 0 hits, 0 errors, 0 left on base; Northwest Arkansas 6 - Corpus Christi 1 |
| TOP OF THE 8TH |
|
Northwest Arkansas Naturals batting - Pitching for Corpus Christi Hooks : LHP Blaine Whitmore
|
|
Batting: RHB Chad Sullivan
|
0-0: Ball 1-0: Ball 2-0: Ground out 5-3 (Groundball, 56, EV 94.4 MPH)
|
|
Pitching: RHP Elroy Meulenkamp
|
|
|
Batting: RHB Eric Erickson
|
0-0: Ball 1-0: SINGLE (Groundball, 4MD, EV 95.0 MPH)
|
|
Batting: SHB Danny Ballenger
|
0-0: Ball 1-0: Called Strike 1-1: Foul Ball, location: 2F 1-2: Foul Ball, location: 2F 1-2: Ball Eric Erickson is caught stealing 2nd base 2-6 2-2: Foul Ball, location: 2F 2-2: Foul Ball, location: 2F 2-2: Strikes out swinging
|
| Top of the 8th over - 0 runs, 1 hit, 0 errors, 0 left on base; Northwest Arkansas 6 - Corpus Christi 1 |
| BOTTOM OF THE 8TH |
|
Corpus Christi Hooks batting - Pitching for Northwest Arkansas Naturals : RHP John Barnett
|
|
Batting: LHB Josh Birkner
|
0-0: Called Strike 0-1: Ball 1-1: Foul Ball, location: 2F 1-2: Ball 2-2: SOLO HOME RUN (Line Drive, 9D, EV 101.2 MPH), Distance : 376 ft
|
|
Batting: LHB Chris Cabrera
|
0-0: Ground out 6-3 (Groundball, 6, EV 90.6 MPH)
|
|
Batting: LHB Mitchell Casey
|
0-0: Ball 1-0: Called Strike 1-1: Ball 2-1: Called Strike 2-2: Foul Ball, location: 2F 2-2: Strikes out swinging
|
|
Batting: RHB Masaru Konno
|
0-0: Called Strike 0-1: Called Strike 0-2: Strikes out looking
|
| Bottom of the 8th over - 1 run, 1 hit, 0 errors, 0 left on base; Northwest Arkansas 6 - Corpus Christi 2 |
| TOP OF THE 9TH |
|
Northwest Arkansas Naturals batting - Pitching for Corpus Christi Hooks : RHP Elroy Meulenkamp
|
|
Batting: SHB Ryoji Hiraoka
|
0-0: SINGLE (Groundball, 56D, EV 103.8 MPH)
|
|
Batting: RHB Kazuki Arai
|
0-0: Ball Ryoji Hiraoka steals 2nd base 1-0: Ball 2-0: Bunted foul 2-1: Bunt missed! 2-2: Ball 3-2: Foul Ball, location: 2F 3-2: Foul Ball, location: 2F 3-2: Ground out 6-3 (Groundball, 6, EV 81.2 MPH) Ryoji Hiraoka to third
|
|
Batting: RHB Alex Cid
|
0-0: Called Strike 0-1: Swinging Strike 0-2: Foul Ball, location: 2F 0-2: Ball 1-2: Strikes out swinging
|
|
Batting: RHB Kevin Wimberly
|
0-0: Called Strike 0-1: Ball 1-1: Reached on error, E5 (Groundball, 56, EV 83.1 MPH) Ryoji Hiraoka scores
|
|
Batting: RHB Andy Urquhart
|
0-0: Ball 1-0: Ball 2-0: Called Strike 2-1: Ball 3-1: Base on Balls Kevin Wimberly to second
|
|
Batting: RHB Edwin Ramos
|
0-0: Ball 1-0: Ball 2-0: Swinging Strike 2-1: Ball 3-1: SINGLE (Groundball, 34D, EV 100.0 MPH) Kevin Wimberly to third Andy Urquhart to second Runner from 3rd tries for Home, SAFE, throw by RF to home
|
|
Batting: RHB Chad Sullivan
|
0-0: Ball 1-0: Ball 2-0: Swinging Strike 2-1: Called Strike 2-2: Strikes out swinging
|
| Top of the 9th over - 2 runs, 2 hits, 1 error, 2 left on base; Northwest Arkansas 8 - Corpus Christi 2 |
| BOTTOM OF THE 9TH |
|
Corpus Christi Hooks batting - Pitching for Northwest Arkansas Naturals : RHP John Barnett
|
|
Batting: LHB John Wagner
|
0-0: Ball 1-0: Ground out 4-3 (Groundball, 34D, EV 103.8 MPH)
|
|
Batting: RHB Derek Moran
|
0-0: Ball 1-0: Ball 2-0: Ground out 3-1 (Groundball, 34, EV 86.2 MPH)
|
|
Batting: RHB Ben Minge
|
0-0: Ball 1-0: Ball 2-0: Ball 3-0: Base on Balls
|
|
Batting: RHB Ben Hoffman
|
0-0: Called Strike 0-1: Ball 1-1: Called Strike 1-2: Ball 2-2: Strikes out swinging
|
| Bottom of the 9th over - 0 runs, 0 hits, 0 errors, 1 left on base; Northwest Arkansas 8 - Corpus Christi 2 |
|